 Dungeon Crawl Stone Soup version 0.29-a0-356-g7bc237e783 (webtiles) character file.

Game seed: 2332181689054137763

159 spaghetti the Skirmisher (level 5, 0/57 HPs)
             Began as an Ogre Berserker on Apr 25, 2022.
             Was a Believer of Trog.
             Slain by a gnoll
             ... wielding a +0 whip
              (2 damage)
             ... on level 5 of the Dungeon.
             The game lasted 00:03:47 (2719 turns).

spaghetti the Skirmisher (Ogre Berserker)           Turns: 2719, Time: 00:03:47

Health: 0/57       AC:  4    Str: 21    XL:     5   Next: 40%
Magic:  5/5        EV: 10    Int: 10    God:    Trog [**....]
Gold:   138        SH:  0    Dex:  8    Spells: 4/4 levels left

rFire   . . .      SeeInvis .     - Unarmed
rCold   . . .      Faith    .   (no shield)
rNeg    . . .      Spirit   .   a - +0 animal skin
rPois   .          Reflect  .   j - +1 hat
rElec   .          Harm     .   (no cloak)
rCorr   .          Rampage  .   (gloves unavailable)
Will    ++...                   (boots unavailable)
Stlth   +.........              (no amulet)
HPRegen 1.19/turn               (no ring)
MPRegen 0.09/turn               (no ring)

@: strong-willed, on berserk cooldown, regenerating, hasted and slowed
A: large, unfitting armour, tough skin 1
a: Renounce Religion, Berserk, Trog's Hand


You were on level 5 of the Dungeon.
You worshipped Trog.
Trog was pleased with you.
You visited 1 branch of the dungeon, and saw 5 of its levels.

You collected 138 gold pieces.


Innate Abilities, Weirdness & Mutations

You are too large for most types of armour.
You have tough skin. (AC +1)


   Skills:
 + Level 5.1 Fighting
 + Level 3.5 Dodging
 * Level 4.2 Unarmed Combat


You had 4 spell levels left.
You didn't know any spells.
Your spell library was empty.

Inventory:

Hand Weapons
 c - a +0 shortbow {bow}
   (You found it on level 1 of the Dungeon)
 e - a +0 whip {mace}
   (You took it off a kobold on level 1 of the Dungeon)
 k - a +0 club {mace}
   (You took it off a goblin on level 1 of the Dungeon)
 m - a +0 club {mace}
   (You found it on level 1 of the Dungeon)
Missiles
 b - 93 stones (quivered) {throwing}
 u - 8 poisoned darts {throwing}
Armour
 a - a +0 animal skin (worn)
 j - a +1 hat (worn)
   (You found it on level 1 of the Dungeon)
Magical Staves
 z - a staff of poison {forbidden!astaff}
   (You found it on level 3 of the Dungeon)
Jewellery
 i - a ring of magical power
   (You found it on level 1 of the Dungeon)
Wands
 y - a wand of flame (26)
   (You found it on level 3 of the Dungeon)
 A - a wand of digging (5)
   (You found it on level 3 of the Dungeon)
Scrolls
 h - 2 scrolls of teleportation {unknown}
 l - a scroll of acquirement {unknown}
 n - a scroll of brand weapon {unknown}
 o - a scroll of silence {unknown}
 q - a scroll of magic mapping {unknown}
 r - a scroll of enchant weapon {unknown}
 t - a scroll of vulnerability {unknown}
 v - 2 scrolls of identify {unknown}
 x - a scroll of amnesia {unknown}
Potions
 f - a potion of haste {@q3}
 g - a potion of flight {unknown}
 p - 2 potions of invisibility {unknown}
 s - a potion of attraction {unknown}
 w - a potion of brilliance {unknown}

Dungeon Overview and Level Annotations

Branches:
Dungeon (5/15)
 Temple: D:4-7

Altars:
The Shining One

Shops:
D:2

*(?? ##.......)...
...............
###..............
................
####y.g...........
..................
.#########g.............
.......@ggn.............
#.########y.............
#..............
#..............
#..............
#..............
#..............
#..............
...............


You could see a hornet, a necrophage, a gnoll sergeant and 2 gnolls.


Message History

A red film seems to cover your vision as you go berserk!
You feel yourself moving faster!
You feel mighty!
You feel sick. The ufetubus closely misses you. The ufetubus barely misses you.
The adder bites you.
An iguana comes into view.
The gnoll hits you with a +0 spear.
The ufetubus hits you but does no damage.
The ufetubus closely misses you. 😮 HP[+12]
You now have 85 max hp (+28).
You regained 12 hp, and now have 47/85 hp.
You closely miss the gnoll.
You feel sick.
The iguana hisses angrily.
The adder bites you. 😮 HP[-4]
You take 4 damage, and now have 43/85 hp.
You closely miss the gnoll. The ufetubus barely misses you. x2
The gnoll hits you with a +0 spear.
* * * LOW HITPOINT WARNING * * *
A jackal comes into view. 😨 HP[-3]
You take 3 damage, and now have 40/85 hp.
You punch the gnoll!
You feel sick. The adder closely misses you. The ufetubus closely misses you.
The ufetubus hits you.
* * * LOW HITPOINT WARNING * * *
😨 HP[-3]
You take 3 damage, and now have 37/85 hp.
You hit the gnoll.
You kill the gnoll!
Trog accepts your kill. The ufetubus hits you.
* * * LOW HITPOINT WARNING * * *
The ufetubus hits you but does no damage.
The adder barely misses you. 😨 HP[-3]
You take 3 damage, and now have 34/85 hp.
You miss the ufetubus.
You feel sick.
You are no longer poisoned.
The ufetubus barely misses you. The ufetubus hits you.
* * * LOW HITPOINT WARNING * * *
The adder bites you but does no damage. 😨 HP[-4]
You take 4 damage, and now have 30/85 hp.
You punch the ufetubus!
You kill the ufetubus!
Trog accepts your kill. The adder bites you.
* * * LOW HITPOINT WARNING * * *
😨 HP[-1]
You take 1 damage, and now have 29/85 hp.
You punch the adder!
You kill the adder!
Trog accepts your kill.
The jackal bites you but does no damage.
You barely miss the jackal. The jackal bites you.
* * * LOW HITPOINT WARNING * * *
😨 HP[-1]
You take 1 damage, and now have 28/85 hp.
You punch the jackal!
You kill the jackal!
Trog accepts your kill. 😨 HP[+1]
You climb downwards.
You feel a strong urge to attack something.
The hornet buzzes angrily.
The gnoll shouts!
There is a stone staircase leading up, spattered with blood here.
You punch the gnoll!
You kill the gnoll!
Trog accepts your kill. The gnoll barely misses you.
The gnoll hits you from afar with a +0 halberd!
* * * LOW HITPOINT WARNING * * *
😱 HP[-11]
You take 11 damage, and now have 18/85 hp.
The gnoll closely misses you.
You see here a +0 whip {mace}.
You feel a strong urge to attack something.
You are no longer berserk.
You are exhausted.
You feel yourself slow down. 😱 HP[-6]
You now have 57 max hp (-28).
Okay, then.
Your skin crawls.
You feel strong-willed.
The gnoll hits you from afar with a +0 halberd.
* * * LOW HITPOINT WARNING * * *
The gnoll hits you with a +0 whip!
* * * LOW HITPOINT WARNING * * *
😱 HP[-9]
You take 9 damage, and now have 3/57 hp.
It was a potion of magic.
Magic courses through your body.
The gnoll closely misses you. x2 😱 HP[+2]
You regained 2 hp, and now have 5/57 hp.
It was a potion of haste.
You feel yourself speed up. The gnoll hits you with a +0 whip.
* * * LOW HITPOINT WARNING * * *
The gnoll hits you with a +0 whip.
You die...

Skill      XL: |  1  2  3  4 |
---------------+-------------+-----
Unarmed Combat | 3 4 |  4.2
Dodging        | 3 |  3.5
Fighting       | 5 |  5.1

Action                   |  1- 3 |  4- 6 || total
-------------------------+-------+-------++-------
Melee: Unarmed           |   152 |    35 ||   187
       Punch             |     3 |       ||     3
Throw: Stone             |    21 |       ||    21
Invok: Berserk           |     2 |     2 ||     4
       Trog's Hand       |       |     1 ||     1
  Use: Potion            |       |     2 ||     2
Armor: Animal skin       |    37 |    15 ||    52
Dodge: Dodged            |    60 |    34 ||    94

Levels and vault maps discovered:
D:1:      dpeg_arrival_leaves_temple_mockup, layout_basic,
          hellmonk_ecumenical_altar_pennies_from_heaven
D:2:      layout_rooms, serial_shops, shop, nicolae_shop_stone,
          nicolae_shop_trees, shop
D:3:      minmay_octagon_keep, layout_basic, old_standard_altar
D:4:      corexii_shack_village, layout_rooms
D:5:      layout_basic, nicolae_shop_clearance, uniq_pikel

Notes
Turn   | Place    | Note
-------+----------+-------------------------------------------
     0 | D:1      | spaghetti the Ogre Berserker began the quest for the Orb.
     0 | D:1      | Reached XP level 1. HP: 24/24 MP: 1/1
     0 | D:1      | magus.rc [v1.9.6]
   363 | D:1      | Found a faded altar of an unknown god.
   368 | D:1      | Reached XP level 2. HP: 32/32 MP: 2/2
   393 | D:1      | Reached skill level 3 in Unarmed Combat
  1071 | D:2      | Reached skill level 3 in Dodging
  1071 | D:2      | Reached XP level 3. HP: 17/40 MP: 3/3
  1266 | D:2      | Found Lukkosso's Magic Scroll Boutique.
  1465 | D:2      | Found Ishokhlo's Magic Scroll Shoppe.
  1610 | D:2      | Found Furoh's General Store.
  1622 | D:2      | Found Bynib's Weapon Shop.
  1915 | D:3      | Reached ** piety under Trog
  2089 | D:3      | Found a glowing golden altar of the Shining One.
  2332 | D:3      | Noticed a scorpion
  2339 | D:3      | Killed a scorpion
  2340 | D:3      | Reached skill level 4 in Unarmed Combat
  2340 | D:3      | Reached XP level 4. HP: 49/49 MP: 4/4
  2448 | D:3      | Reached skill level 5 in Fighting
  2448 | D:3      | Reached XP level 5. HP: 57/57 MP: 5/5
  2692 | D:3      | You fall into a shaft and drop 2 floors!
  2692 | D:5      | Entered Level 5 of the Dungeon
  2712 | D:5      | Noticed a hornet
  2713 | D:5      | HP: 18/85 [gnoll/+0 halberd (11)]
  2717 | D:5      | HP: 3/57 [gnoll/+0 whip (8)]
  2719 | D:5      | Slain by a gnoll

Vanquished Creatures
  A scorpion (D:3)
  2 gnolls
  2 adders
  An ufetubus (D:4)
  2 worms
  3 orcs (D:3)
  3 ball pythons (D:1)
  8 endoplasms
  A giant cockroach (D:3)
  4 goblins
  3 hobgoblins
  A jackal (D:4)
  5 kobolds
  5 quokkas
  2 bats
  3 frilled lizards
  4 rats
50 creatures vanquished.

Table legend:
 A = Non-vault XP
 B = Vault XP
 C = Vault XP percentage of total XP
 D = Non-vault monster count
 E = Vault monster count
 F = Vault count percentage of total count
                 A         B        C        D         E       F
            +---------+---------+-------+---------+---------+-------
      Total |     127 |     101 |  44.3 |      39 |      11 |  22.0
            +---------+---------+-------+---------+---------+-------
        D:1 |      28 |       0 |   0.0 |      16 |       0 |   0.0
        D:2 |      28 |       0 |   0.0 |       9 |       0 |   0.0
        D:3 |      20 |     101 |  83.5 |       9 |      11 |  55.0
        D:4 |      38 |       0 |   0.0 |       4 |       0 |   0.0
        D:5 |      13 |       0 |   0.0 |       1 |       0 |   0.0
            +---------+---------+-------+---------+---------+-------

Illustrated notes

Table legend:
 A = Kills in this place as a percentage of kills in entire the game.
 B = Kills by you in this place as a percentage of kills by you in the entire game.
 C = Kills by friends in this place as a percentage of kills by friends in the entire game.
 D = Other kills in this place as a percentage of other kills in the entire game.
 E = Experience gained in this place as a percentage of experience gained in the entire game.
 F = Experience gained in this place divided by the number of levels of this place that you have seen.
                   A       B       C       D       E      F
               +-------+-------+-------+-------+-------+----------------------
         Total | 100.0 | 100.0 |   N/A |   N/A | 100.0 |  45.6
       Dungeon | 100.0 | 100.0 |   N/A |   N/A | 100.0 |  45.6
               +-------+-------+-------+-------+-------+----------------------

Table legend: (Time is in decaauts)
 A = Elapsed time spent in this place.
 B = Non-inter-level travel time spent in this place.
 C = Inter-level travel time spent in this place.
 D = Time resting spent in this place.
 E = Time spent auto-exploring this place.
 F = Levels seen in this place.
 G = Mean time per level.
                   A        B        C        D        E       F      G
               +--------+--------+--------+--------+--------+-----+--------+
         Total |   2734 |   2667 |     67 |    530 |   1760 |   5 |  546.8 |
       Dungeon |   2734 |   2667 |     67 |    530 |   1760 |   5 |  546.8 |
               +--------+--------+--------+--------+--------+-----+--------+

Top non-repeatable levels by time:
     D:1: 1110 daAuts
     D:3: 897 daAuts
     D:2: 704 daAuts
     D:5: 14 daAuts
     D:4: 8 daAuts
